 Dungeon Crawl Stone Soup version 0.32-a0-597-g8e3e136d6a (webtiles) character file.

Game seed: 6578523373505010228

588339 anacleto the Shapeless Troll (level 26, -36/132 (379) HPs)
             Began as a Troll Shapeshifter on Mar 1, 2024.
             Was the Champion of the Shining One.
             Killed from afar by a black draconian (39 damage)
             ... with a bolt of lightning
             ... led by a black draconian knight
             ... on level 3 of the Realm of Zot on Mar 2, 2024.
             The game lasted 04:37:35 (92942 turns).

anacleto the Shapeless Troll (Troll Shapeshifter)  Turns: 92942, Time: 04:37:36

HP:   -36/132 (379) AC: 18    Str: 55 (61) XL:     26   Next: 14%
MP:   32/34         EV: 16    Int:  3 (4)  God:    the Shining One [******]
Gold: 3725          SH: 12    Dex:  8      Spells: 25/25 levels left

rFire   + +          .
                       - Unarmed
rCold   x . .        v - melded +2 kite shield of Action {rC+}
rNeg    + + +        G - melded +0 gold dragon scales
rPois   +            i - melded +2 hat
rElec   .            C - melded scarf {repulsion}
rCorr   .            (gloves unavailable)
SInv    .            (boots unavailable)
Will    ++++.        D - amulet of the Four Winds {rN+ Will+++ Clar}
Stlth   +            m - +8 ring of strength
HPRegen 1.22/turn    a - ring "Zyosaor" {^Contam EV+5 Str+8 Dex+3}
MPRegen 0.24/turn

%: clarity
@: divinely shielded, dragon-form, flying, glowing, studying 5 skills, extremely
drained
A: dragon claw, dragon scales, breathe fire, flying, boosted hp, giant,
unfitting armour, (claws 3), regeneration 1, (shaggy fur 1), (tough skin 1),
clumsy 2, dopey 2, frail 1, devolution 1
}: 3/15 runes: serpentine, barnacled, slimy
a: Breathe Fire, Begin Untransformation, Renounce Religion, Divine Shield,
Cleansing Flame, Summon Divine Warrior, Brand Weapon With Holy Wrath


You were on level 3 of the Realm of Zot.
You worshipped the Shining One.
The Shining One was exalted by your worship.
You were a fearsome dragon!
You visited 13 branches of the dungeon, and saw 56 of its levels.
You visited the Abyss 1 time.
You also visited: Trove, Sewer, Gauntlet, Ice Cave and Desolation.

You collected 9318 gold pieces.
You spent 5593 gold pieces at shops.

Inventory:

Missiles
 w - 2 throwing nets (quivered)
 E - 14 javelins
 L - 117 large rocks
Armour
 i - a +2 hat (melded)
 v - the +2 kite shield of Action (melded) {rC+}
   (You found it in a treasure trove)

   rC+:       It protects you from cold.
 C - a scarf of repulsion (melded)
 G - +0 gold dragon scales (melded)
Jewellery
 a - the ring "Zyosaor" (right foreclaw) {^Contam EV+5 Str+8 Dex+3}
   (You bought it in a shop on level 1 of the Dungeon)

   [ring of evasion]

   EV+5:      It affects your evasion (+5).
   Str+8:     It affects your strength (+8).
   Dex+3:     It affects your dexterity (+3).
   ^Contam:   It causes magical contamination when unequipped.
 m - a +8 ring of strength (left foreclaw)
 D - the amulet of the Four Winds (around neck) {rN+ Will+++ Clar}
   (You found it in the Desolation of Salt)

   [amulet of nothing]

   rN+:       It protects you from negative energy.
   Will+++:   It greatly increases your willpower.
   Clar:      It protects you from confusion, rage, mesmerisation and fear.
 F - a +6 ring of intelligence
Talismans
 l - a dragon-blood talisman (active)
 s - a storm talisman
Wands
 c - a wand of mindburst (40)
 H - a wand of charming (33)
 M - a wand of iceblast (43)
 Q - a wand of polymorph (41)
 T - a wand of light (30)
 Y - a wand of flame (39)
 Z - a wand of digging (5)
Scrolls
 d - 2 scrolls of silence
 k - 13 scrolls of fog
 p - 7 scrolls of poison
 q - 4 scrolls of fear
 u - 8 scrolls of teleportation
 y - 3 scrolls of butterflies
 B - 9 scrolls of enchant weapon
 O - 4 scrolls of revelation
 P - a scroll of immolation
 R - 4 scrolls of amnesia
 S - 2 scrolls of vulnerability
 W - 5 scrolls of enchant armour
Potions
 b - 10 potions of lignification
 e - 10 potions of enlightenment
 f - a potion of berserk rage
 h - 5 potions of magic
 j - 10 potions of attraction
 n - a potion of haste
 o - 10 potions of mutation
 r - 7 potions of brilliance
 t - 9 potions of curing
 z - 7 potions of heal wounds
 A - 10 potions of might
 I - 5 potions of resistance
 J - 7 potions of ambrosia
 U - 2 potions of invisibility
 V - 5 potions of cancellation
Miscellaneous
 g - a lightning rod (inert)
 x - a phial of floods (inert)
 N - a tin of tremorstones (2/2)


   Skills:
 + Level 19.7 Fighting
 - Level 3.7 Throwing
 + Level 17.5 Dodging
 + Level 20.4 Unarmed Combat
 + Level 17.1 Invocations
 + Level 11.7 Evocations
 O Level 27 Shapeshifting


You had 25 spell levels left.
You didn't know any spells.
Your spell library contained the following spells:

 Spells                   Type           Power      Damage    Failure   Level
 Apportation              Tloc           0%         N/A       52%         1
 Foxfire                  Conj/Fire      0%         2x1d4     52%         1
 Magic Dart               Conj           0%         1d3       52%         1
 Shock                    Conj/Air       0%         1d3       52%         1
 Summon Small Mammal      Summ           0%         N/A       52%         1
 Blink                    Tloc           0%         N/A       67%         2
 Call Imp                 Summ           0%         N/A       67%         2
 Cigotuvi's Dreadful Rot  Necr/Alch/Air  0%         N/A       67%         2
 Ensorcelled Hibernation  Hex/Ice        0%         N/A       67%         2
 Jinxbite                 Hex            0%         N/A       67%         2
 Lesser Beckoning         Tloc           0%         N/A       67%         2
 Mercury Vapours          Alch/Air       0%         N/A       67%         2
 Momentum Strike          Conj/Tloc      0%         3d8       67%         2
 Searing Ray              Conj           0%         2d4       67%         2
 Sublimation of Blood     Necr           0%         N/A       67%         2
 Call Canine Familiar     Summ           0%         N/A       88%         3
 Dazzling Flash           Conj/Hex       0%         N/A       88%         3
 Frozen Ramparts          Ice            0%         1d1       88%         3
 Fugue of the Fallen      Necr           0%         N/A       88%         3
 Gell's Gravitas          Tloc           0%         N/A       88%         3
 Inner Flame              Hex/Fire       0%         N/A       88%         3
 Mephitic Cloud           Conj/Alch/Air  0%         N/A       88%         3
 Passwall                 Erth           0%         N/A       88%         3
 Sigil of Binding         Hex            0%         N/A       88%         3
 Stone Arrow              Conj/Erth      0%         3d7       88%         3
 Swiftness                Air            0%         N/A       88%         3
 Teleport Other           Tloc           0%         N/A       88%         3
 Tukima's Dance           Hex            0%         N/A       88%         3
 Airstrike                Air            0%         2d(0-16)  99%         4
 Anguish                  Hex/Necr       0%         N/A       99%         4
 Animate Armour           Summ/Erth      0%         N/A       99%         4
 Dimensional Bullseye     Hex/Tloc       0%         N/A       99%         4
 Fulminant Prism          Conj/Alch      0%         3d5       99%         4
 Ignite Poison            Fire/Alch      0%         N/A       99%         4
 Iskenderun's Mystic Bla  Conj/Tloc      0%         2d3       99%         4
 Leda's Liquefaction      Alch/Erth      0%         N/A       99%         4
 Manifold Assault         Tloc           0%         N/A       99%         4
 Olgreb's Toxic Radiance  Alch           0%         N/A       99%         4
 Petrify                  Alch/Erth      0%         N/A       99%         4
 Summon Blazeheart Golem  Fire/Summ      0%         N/A       99%         4
 Vhi's Electric Charge    Tloc/Air       0%         N/A       99%         4
 Alistair's Intoxication  Alch           0%         N/A       100%        5
 Arcjolt                  Conj/Air       0%         1d10      100%        5
 Curse of Agony           Necr           0%         N/A       100%        5
 Freezing Cloud           Conj/Ice/Air   0%         6-21      100%        5
 Irradiate                Conj/Alch      0%         3d11      100%        5
 Lee's Rapid Deconstruct  Erth           0%         3d4*      100%        5
 Metabolic Englaciation   Hex/Ice        0%         N/A       100%        5
 Silence                  Hex/Air        0%         N/A       100%        5
 Bombard                  Conj/Erth      0%         9d1       100%        6
 Dispersal                Tloc           0%         N/A       100%        6
 Plasma Beam              Fire/Air       0%         2x1d10    100%        6
 Starburst                Conj/Fire      0%         6d3       100%        6
 Ozocubu's Refrigeration  Ice            0%         4d7       100%        7
 Summon Hydra             Summ           0%         N/A       100%        7
 Discord                  Hex            0%         N/A       100%        8
 Disjunction              Tloc           0%         N/A       100%        8
 Ignition                 Fire           0%         3d3       100%        8
 Lehudib's Crystal Spear  Conj/Erth      0%         10d2      100%        8
 Maxwell's Capacitive Co  Air            0%         ∞         100%        8


Dungeon Overview and Level Annotations

Branches:
Dungeon (15/15)            Temple (0/1) D:6            Lair (5/5) D:9
 Shoals (4/4) Lair:2        Snake (4/4) Lair:3        Slime (5/5) Lair:5
    Orc (2/2) D:11            Elf (3/3) Orc:2        Vaults (4/5) D:14
  Crypt (3/3) Vaults:3       Tomb (0/3) Crypt:3      Depths (4/4) D:15
   Hell (visited)             Dis (0/7) Hell            Geh (3/7) Hell
    Coc (0/7) Hell            Tar (0/7) Hell            Zot (3/5) Depths:4
  Sewer (visited)           IceCv (visited)         Desolation (visited)
Gauntlet (visited)

Altars:
Dithmenos
Hepliaklqana
Nemelex Xobeh
Okawaru
Qazlal
Ru
Trog
Vehumet
Xom
Zin
The Shining One
Beogh
Jiyva
Lugonu

Shops:
D:1 =   D:5 *   Orc:1 !:   Orc:2 =((=   Vaults:2 [   Vaults:4 !   Depths:2 [*

Portals:
Hell: Depths:1 Depths:2 Depths:3 Depths:4
Abyss: Lair:5 Depths:3 Depths:4
Pandemonium: Depths:2
Ziggurat: Depths:1


Innate Abilities, Weirdness & Mutations

You are a fearsome dragon!
You have a powerful clawing attack.
Your giant scaled body is strong and resilient, but less evasive.
You can breathe fire.
You are flying.
Your maximum health is greatly increased.
Your armour is entirely melded.
You are incapable of wielding weapons or throwing items.
You are too large for most types of armour.
((You have claws for hands.))
Your natural rate of healing is unusually fast.
((You are covered in fur. (AC +1)))
((You have tough skin. (AC +1)))
You are very clumsy. (Dex -4)
You are very dopey. (Int -4)
You are frail. (-10% HP)
You have hidden genetic defects.


Message History

You start resting.
Magic restored.
You start resting.
HP restored.
You start waiting.
Your divine shield fades away.
You start waiting.
Done waiting.
You start waiting.
Done waiting.
A divine shield forms around you!
You fly downwards.
The black draconian knight breathes lightning at you.
The bolt of lightning hits you!!
There is a stone staircase leading up, spattered with blood here.
Unknown command.
Okay, then.
Aiming: Thunderbolt
Press: ? - help, Shift-Dir - straight line, f - black draconian knight
Aim: a black draconian knight, wielding a +0 great mace and wearing a +0 cloak (haloed)
The thunderbolt hits the black draconian knight.
The black draconian knight completely resists.
The thunderbolt hits the black draconian.
The black draconian completely resists.
The lightning rod overheats!
The black draconian breathes lightning at you.
The bolt of lightning hits you!!
The black draconian knight mumbles some strange words.
The black draconian knight flickers and vanishes for a moment.
The black draconian knight breathes lightning at you.
The bolt of lightning hits you!!!
There is a stone staircase leading up, spattered with blood here.
Unknown command.
The black draconian breathes lightning at you.
The bolt of lightning hits you!!!
* * * LOW HITPOINT WARNING * * *
The black draconian breathes lightning at you.
The bolt of lightning hits you! The Shining One protects you from harm!
The bolt of lightning hits you!!!
You die...

#..#...##
###..###....##..#
##.#....#####....#
#...............##
#..............#^#
#.....############
#...#...#
.######...#...##
................
....##.D..d...###
..........q.....
.........>d.....
....$...........
.#####...#######
#...# #####


You could see a black draconian knight (invisible) and 2 draconians.

Vanquished Creatures
  the Royal Jelly (Slime:5)
  3 orbs of fire
  Mennas (Vaults:4)
  Sojobo (Depths:3)
  Josephina (Depths:4)
  Vv (Depths:3)
  A curse toe (Zot:2)
  4 golden dragons
  Geryon (Hell)
  Jory (Crypt:3)
  Norris (Vaults:3)
  2 bone dragons
  2 doom hounds (Crypt:1)
  4 hellephants
  4 electric golems
  2 Brimstone Fiends
  8 tentacled monstrosities
  3 deep elf blademasters
  20 acid blobs
  6 sphinxes
  A walking divine tome (Depths:4)
  Grunn (Crypt:1)
  4 searing wretches
  2 deep elf master archers (Elf:3)
  Frances (Shoals:1)
  8 ancient champions
  A quicksilver dragon (Zot:3)
  5 shadow dragons
  4 krakens
  A death cob (Zot:1)
  Aizul (Snake:2)
  4 tengu reavers
  2 tentacled starspawn (Abyss:3)
  7 storm dragons
  7 revenants
  10 fire giants
  3 draconian knights
  14 azure jellies
  12 rockslimes
  14 nagarajas
  4 draconian monks
  A deep elf sorcerer (Elf:3)
  4 draconian scorchers
  4 imperial myrmidons (Desolation)
  4 frost giants
  An iron dragon (Hell)
  4 ghouls
  4 balrugs
  A ghost moth (Crypt:3)
  4 draconian shifters
  14 vault wardens
  Louise (D:14)
  10 quicksilver oozes
  2 draconian annihilators
  2 cacodemons (Depths:4)
  18 stone giants
  6 reapers
  3 spriggan defenders
  3 draconian stormcallers
  7 formless jellyfish
  A spectral juggernaut (Crypt:3)
  A spectral caustic shrike (Crypt:3)
  A deep elf elementalist (Elf:3)
  11 ironbound preservers
  5 ironbound thunderhulks
  A caustic shrike skeleton (Hell)
  14 very ugly things
  4 deep elf demonologists (Elf:3)
  2 deep elf death magi (Elf:3)
  5 green draconians
  2 juggernaut skeletons
  9 vampire knights
  2 black draconians (Zot:1)
  A halazid warlock (Desolation)
  Azrael (D:14)
  A red draconian (Depths:4)
  A minotaur (Gauntlet)
  4 deep elf annihilators
  3 war gargoyles
  7 yellow draconians
  13 dire elephants
  2 white draconians
  The ghost of Juseph the Severer, a journeyman HOFi (Lair:3)
  8 purple draconians
  3 iron golems (Depths:4)
  4 ettins
  13 eidola
  A green death (Hell)
  A blizzard demon (Depths:4)
  3 fire dragons
  14 jiangshi
  5 merfolk javelineers
  9 merfolk impalers
  5 crystal guardians
  8 great orbs of eyes
  2 spectral quicksilver dragons (Crypt:3)
  3 spectral spriggans (Crypt:3)
  9 yaktaur captains
  2 deep elf high priests (Elf:3)
  2 caustic shrike simulacra
  6 rakshasas
  An entropy weaver (Vaults:4)
  9 vault guards
  3 hydras
  5 ice dragons
  Harold (D:9)
  5 servants of whispers (Desolation)
  4 spriggan air magi
  A sphinx zombie (Crypt:1)
  9 peacekeepers
  5 centaur warriors
  15 ironbound frosthearts
  A catoblepas (Lair:1)
  5 ragged hierophants (Desolation)
  7 salamander tyrants
  7 boulder beetles
  3 merfolk aquamancers
  2 alligator snapping turtles
  6 two-headed ogres
  3 stokers
  32 dancing weapons
  3 merfolk avatars
  10 anacondas
  A spriggan skeleton (Hell)
  An ogre mage (Orc:1)
  Erica (Lair:2)
  4 death knights
  3 satyrs
  6 tengu warriors
  6 deep troll earth magi
  4 death yaks
  11 vampire magi
  3 deep troll shamans
  5 spectral storm dragons
  5 shock serpents
  6 spriggan berserkers
  8 sun demons
  27 hell hogs
  2 spectral nagas (Crypt:3)
  18 naga warriors
  A quicksilver ooze zombie (Crypt:1)
  2 demonic crawlers (Depths:4)
  4 thrashing horrors (Lair:5)
  9 naga sharpshooters
  2 occultists (Depths:2)
  2 shock serpents (shapeshifter)
  10 hell knights
  5 orc high priests
  6 spriggans
  11 soul eaters
  11 deep elf knights
  A wretched star (Abyss:3)
  10 iron trolls
  38 skeletal warriors
  2 spectral bunyips (Crypt:3)
  A spectral anaconda (Crypt:3)
  6 shadow wraiths
  A sixfirhy (Hell)
  8 sea snakes
  7 salamander mystics
  2 spriggan druids (Elf:1)
  14 flayed ghosts
  4 skysharks
  A bunyip zombie (Hell)
  A glowing orange brain (shapeshifter) (Depths:4)
  An orb spider (shapeshifter) (Elf:1)
  7 naga ritualists
  12 mana vipers
  5 glowing orange brains
  A mana viper (shapeshifter) (Depths:4)
  20 ironbound convokers
  34 deep trolls
  A bog body (Crypt:3)
  9 deep elf archers
  21 phantasmal warriors
  7 arcanists
  A spectral hydra (Crypt:3)
  4 spectral fire dragons (Crypt:2)
  3 thermic dynamos
  14 lindwurms
  2 alligator zombies (Hell)
  19 harpies
  6 necromancers
  7 deep elf pyromancers
  7 shining eyes
  2 anaconda skeletons (Hell)
  15 deep elf zephyrmancers
  2 spectral ice dragons (Crypt:2)
  An iron dragon zombie (Crypt:1)
  An alligator skeleton (Hell)
  20 fauns
  6 moths of wrath
  3 spectral ettins (Crypt:3)
  9 cyclopes
  47 ugly things
  2 oklob plants (Lair:2)
  14 manticores
  5 orc sorcerers
  22 salamanders
  17 vault sentinels
  A frost giant skeleton (Crypt:2)
  6 rust devils
  4 water nymphs
  2 naga zombies
  Joseph (Lair:1)
  An apocalypse crab (Gauntlet)
  19 elephants
  18 guardian serpents
  41 black mambas
  2 kobold blastminers
  12 naga magi
  A spectral alligator snapping turtle (Crypt:3)
  9 merfolk sirens
  2 eyes of devastation (Slime:5)
  2 orange demons
  2 molten gargoyles
  9 smoke demons
  3 ice statues
  A cane toad (shapeshifter) (Elf:1)
  A hellion (Abyss:3)
  2 gargoyles
  Maggie (Lair:2)
  4 cane toads
  An unseen horror (D:11)
  2 minotaur zombies
  7 rime drakes
  A mana viper skeleton (Crypt:1)
  10 komodo dragons
  17 yaktaurs
  A kobold demonologist (D:10)
  19 freezing wraiths
  An orb spider zombie (Crypt:3)
  A tormentor (Geh:1)
  5 tengu conjurers
  2 ice devils
  An efreet (D:13)
  3 yellow draconian skeletons (Crypt:3)
  3 pale draconian skeletons
  A queen bee (Lair:2)
  3 hydra zombies (Hell)
  A troll (D:11)
  A spectral harpy (Crypt:3)
  31 merfolk
  A death drake zombie (Crypt:2)
  A red devil (Hell)
  2 raiju
  2 tengu simulacra (Depths:4)
  10 wind drakes
  7 hornets
  A harpy skeleton (Hell)
  12 blink frogs
  A polar bear (Lair:2)
  2 shadow dragon simulacra (Depths:4)
  A meliai zombie (Crypt:1)
  40 saltlings (Desolation)
  13 snapping turtles
  An ettin zombie (Hell)
  7 glass eyes
  85 slime creatures
  A centaur simulacrum (Crypt:3)
  A shadow (Crypt:3)
  2 air elementals
  11 wraiths
  4 ynoxinuls
  51 yaks
  9 wyverns
  A wyvern (shapeshifter) (Elf:1)
  A hog (shapeshifter) (Elf:1)
  14 water elementals
  4 fire elementals
  A golden eye (shapeshifter) (Lair:5)
  8 basilisks
  A vampire (Abyss:3)
  A steam dragon (Lair:2)
  3 wargs
  20 golden eyes
  7 vampire mosquitoes
  A death yak simulacrum (Orc:1)
  3 chaos spawn (Lair:5)
  A harpy simulacrum (Crypt:3)
  40 nagas
  5 hell hounds
  A hydra simulacrum (Hell)
  5 acid dragons
  A deep troll zombie (Crypt:2)
  23 water moccasins
  A cane toad zombie (Crypt:3)
  20 orc warriors
  2 black bears
  2 ice beasts
  23 laughing skulls
  5 sky beasts (D:7)
  10 small abominations
  15 wolves
  10 ogres
  A crocodile (Sewer)
  9 centaurs
  A snapping turtle skeleton (Crypt:2)
  2 phantoms (D:6)
  2 kobold brigands
  8 bullfrogs
  3 scorpions
  5 earth elementals
  A yaktaur skeleton (Crypt:3)
  8 wights
  38 killer bees
  3 elephant simulacra (Orc:1)
  3 lindwurm simulacra (IceCv)
  5 electric eels
  5 bombardier beetles
  7 howler monkeys
  A wolf skeleton (Crypt:3)
  5 komodo dragon simulacra (IceCv)
  19 orc priests
  9 starcursed masses (Abyss:3)
  A hound (D:5)
  9 jellies
  4 sleepcaps
  Crazy Yiuf (D:7)
  4 iguanas
  53 orc wizards
  3 troll simulacra (Orc:1)
  A polar bear simulacrum (Orc:1)
  An ogre skeleton (Crypt:2)
  3 gnolls
  4 acid dragon simulacra (IceCv)
  13 adders
  2 shadow imps
  A swamp drake skeleton (Crypt:2)
  4 white imps
  6 ufetubi
  7 steam dragon simulacra (IceCv)
  An iguana skeleton (Crypt:1)
  3 ribbon worms
  2 dart slugs (D:4)
  59 orcs
  6 ball pythons
  8 endoplasms
  4 giant cockroaches
  9 goblins
  7 hobgoblins
  8 jackals
  6 quokkas
  A ball python skeleton (Crypt:2)
  4 bats
  2 frilled lizards
  14 kobolds
  2 rats
  A rat skeleton (Crypt:1)
  A spectral weapon (Shoals:3)
  2 tentacles (Shoals:4)
2351 creatures vanquished.

Vanquished Creatures (collateral kills)
  Vashnia (Snake:2)
  A deep elf sorcerer (Elf:3)
  A deep elf elementalist (Elf:3)
  A vault warden (Vaults:1)
  An ironbound preserver (Vaults:1)
  A very ugly thing (Depths:3)
  A reaper (Hell)
  5 deep elf death magi (Elf:3)
  A deep elf demonologist (Elf:3)
  An ettin (Vaults:4)
  A servant of whispers (Desolation)
  A vault guard (Vaults:4)
  A demonic crawler (Hell)
  3 naga sharpshooters (Snake:2)
  2 deep trolls
  A glowing orange brain (Depths:3)
  An ironbound convoker (Vaults:4)
  A water nymph (Shoals:2)
  A yaktaur (Vaults:4)
  A merfolk (Shoals:2)
  A saltling (Desolation)
  A snapping turtle (Shoals:2)
  A naga (Snake:2)
  3 electric eels (Snake:2)
  An acid dragon simulacrum (IceCv)
  A steam dragon simulacrum (IceCv)
35 creatures vanquished.

Vanquished Creatures (others)
  A black mamba (Snake:3)
  An orc wizard (D:9)
  2 orcs (D:9)
  3 creeping infernos (Geh:3)
  2 starspawn tentacles (Abyss:3)
  21 tentacles
30 creatures vanquished.

Grand Total: 2416 creatures vanquished

Notes
Turn   | Place    | Note
-------+----------+-------------------------------------------
     0 | D:1      | anacleto the Troll Shapeshifter began the quest for the
                  | Orb.
     0 | D:1      | Reached XP level 1. HP: 18/18 MP: 0/0
    70 | D:1      | Found a faded altar of an unknown god.
   133 | D:1      | Reached skill level 1 in Fighting
   155 | D:1      | Reached XP level 2. HP: 21/27 MP: 1/1
   383 | D:1      | Found Jaifuix's One-of-a-Kind Rings.
   914 | D:2      | Reached XP level 3. HP: 33/33 MP: 2/2
   934 | D:2      | Found a glowing golden altar of the Shining One.
   952 | D:2      | Became a worshipper of the Shining One
  1426 | D:3      | Reached XP level 4. HP: 41/41 MP: 3/3
  1500 | D:3      | Found a stormy altar of Qazlal.
  1666 | D:3      | Noticed a scorpion
  1679 | D:3      | Killed a scorpion
  1680 | D:3      | Reached skill level 4 in Shapeshifting
  1680 | D:3      | Reached XP level 5. HP: 37/49 MP: 4/4
  1795 | D:3      | Found a shadowy altar of Dithmenos.
  1930 | D:3      | Reached skill level 1 in Invocations
  2069 | D:3      | Reached * piety under the Shining One
  2070 | D:3      | Reached XP level 6. HP: 57/57 MP: 5/5
  2468 | D:4      | Found a radiant altar of Vehumet.
  2728 | D:4      | Reached skill level 1 in Throwing
  2728 | D:4      | Reached skill level 5 in Shapeshifting
  2728 | D:4      | Reached XP level 7. HP: 66/66 MP: 7/7
  2739 | D:4      | Found a glowing drain.
  2750 | Sewer    | Entered a sewer
  3251 | D:5      | Entered Level 5 of the Dungeon
  3350 | D:5      | Found a shimmering altar of Xom.
  3757 | D:5      | Found Zogiawaph's Overcharged Wands.
  3840 | D:5      | Reached XP level 8. HP: 74/75 MP: 8/8
  3852 | D:5      | Reached ** piety under the Shining One
  4255 | D:5      | Reached skill level 6 in Shapeshifting
  4278 | D:5      | Reached skill level 5 in Unarmed Combat
  4736 | D:6      | Reached XP level 9. HP: 75/84 MP: 10/10
  4836 | D:6      | Found a staircase to the Ecumenical Temple.
  5069 | D:6      | Reached skill level 7 in Shapeshifting
  5334 | D:7      | Found a runed translucent door.
  5335 | D:7      | Noticed Crazy Yiuf
  5827 | D:7      | Reached skill level 8 in Shapeshifting
  5829 | D:7      | Reached *** piety under the Shining One
  5926 | D:7      | Reached skill level 5 in Invocations
  6132 | D:7      | Noticed a cyclops
  6154 | D:7      | Reached XP level 10. HP: 84/92 MP: 12/12
  6224 | D:7      | Found a sacrificial altar of Ru.
  6428 | D:7      | Reached skill level 9 in Shapeshifting
  6439 | D:7      | Killed a cyclops
  6877 | D:8      | Reached skill level 10 in Shapeshifting
  7109 | D:8      | Found an iron altar of Okawaru.
  7111 | D:8      | Found a bloodstained altar of Trog.
  7926 | D:9      | You fall into a shaft and drop 2 floors!
  7990 | D:10     | Entered Level 10 of the Dungeon
  8150 | D:10     | Found a portal to a secret trove of treasure.
  8562 | D:9      | Found a glowing silver altar of Zin.
  8599 | D:9      | Identified the ring "Yfid" {rElec rC+ Str+6 Int-5 Dex+2}
  9097 | D:9      | Found a staircase to the Lair.
  9120 | D:9      | Reached skill level 11 in Shapeshifting
  9534 | D:10     | Noticed Harold
  9793 | D:9      | Killed Harold
  9794 | D:9      | Reached XP level 11. HP: 62/100 MP: 15/15
 10121 | D:10     | Found the +5 scythe "Finisher" {speed, execute}
 10124 | D:10     | Noticed a skeletal warrior
 10912 | D:10     | Noticed a soul eater
 10918 | D:10     | Reached skill level 12 in Shapeshifting
 11022 | Lair:1   | Entered Level 1 of the Lair of Beasts
 11724 | Lair:1   | Noticed a catoblepas
 11724 | Lair:1   | Reached **** piety under the Shining One
 11752 | Lair:1   | Killed a catoblepas
 12349 | Lair:1   | Noticed Joseph
 12357 | Lair:1   | Killed Joseph
 13151 | Lair:1   | Reached skill level 13 in Shapeshifting
 13228 | Lair:2   | Noticed Maggie
 13240 | Lair:2   | Killed Maggie
 13539 | Lair:2   | Reached XP level 12. HP: 107/107 MP: 17/17
 14689 | D:1      | Bought the ring "Zyosaor" {^Contam EV+5 Str+8 Dex+3} for
                  | 726 gold pieces
 15330 | D:10     | Reached skill level 5 in Dodging
 15664 | D:11     | Found a staircase to the Orcish Mines.
 15971 | D:11     | Reached skill level 5 in Fighting
 16426 | D:12     | Noticed a boulder beetle
 16444 | D:12     | Killed a boulder beetle
 16975 | D:13     | Noticed a boulder beetle
 16991 | D:13     | Killed a boulder beetle
 16992 | D:13     | Reached skill level 14 in Shapeshifting
 17187 | D:13     | Noticed a boulder beetle
 17363 | D:13     | Killed a boulder beetle
 17440 | D:13     | Noticed a centaur warrior
 17458 | D:13     | Killed a centaur warrior
 17481 | D:13     | Noticed a centaur warrior
 17492 | D:13     | Killed a centaur warrior
 17493 | D:13     | Reached XP level 13. HP: 111/120 MP: 19/19
 17772 | Orc:1    | Entered Level 1 of the Orcish Mines
 17772 | Orc:1    | Found Qaonored's Distillery.
 17871 | Orc:1    | Paralysed by something for 5 turns
 17985 | Orc:1    | Paralysed by an ogre mage for 3 turns
 18043 | Orc:1    | Bought a potion of might for 52 gold pieces
 18152 | Orc:1    | Found a frozen archway.
 18162 | IceCv    | Entered an ice cave
 18249 | IceCv    | Reached ***** piety under the Shining One
 18492 | IceCv    | Reached skill level 10 in Invocations
 18571 | IceCv    | Noticed a white draconian
 18586 | IceCv    | Killed a white draconian
 18670 | IceCv    | Identified the ring of Asceticism {rF+ Str+3}
 19007 | Orc:1    | Found Utargh Vaopt's Book Shoppe.
 19139 | Orc:2    | Entered Level 2 of the Orcish Mines
 19238 | Orc:1    | Reached skill level 1 in Evocations
 19739 | Orc:2    | Found Xoost's Jewellery Shoppe.
 19739 | Orc:2    | Found Oprop's Weapon Emporium.
 19742 | Orc:2    | Found Mosi's Antique Weapon Shoppe.
 19742 | Orc:2    | Found Ykiz Hew's Jewellery Emporium.
 19752 | Orc:2    | Bought an amulet of reflection for 360 gold pieces
 20012 | Orc:2    | Found a roughly hewn altar of Beogh.
 20036 | Orc:2    | Found a staircase to the Elven Halls.
 20054 | Orc:2    | Reached skill level 15 in Shapeshifting
 20377 | Lair:2   | Noticed Erica
 20381 | Lair:2   | Killed Erica
 20558 | Lair:2   | Found a staircase to the Shoals.
 20598 | Lair:2   | You are sucked into a shaft and drop 1 floor!
 20617 | Lair:3   | Reached XP level 14. HP: 116/131 MP: 20/20
 20621 | Lair:3   | Found a runed translucent gate.
 20621 | Lair:3   | Found a runed translucent gate.
 20621 | Lair:3   | Found a runed translucent gate.
 20628 | Lair:3   | Found a staircase to the Snake Pit.
 21064 | Lair:2   | Reached ****** piety under the Shining One
 22475 | Lair:3   | Noticed Juseph's ghost (journeyman HOFi)
 22834 | Lair:3   | Found a viscous altar of Jiyva.
 23284 | Lair:4   | Reached skill level 16 in Shapeshifting
 23858 | Lair:5   | Entered Level 5 of the Lair of Beasts
 24199 | Lair:5   | Found a staircase to the Slime Pits.
 24567 | Lair:5   | Reached XP level 15. HP: 143/143 MP: 22/22
 24575 | Lair:5   | Found a corrupted altar of Lugonu.
 24575 | Lair:5   | Found a one-way gate to the infinite horrors of the Abyss.
 24581 | Lair:5   | Reached skill level 10 in Unarmed Combat
 25701 | D:14     | Noticed Azrael
 25722 | D:14     | Killed Azrael
 25723 | D:14     | Noticed Louise
 25857 | Abyss:3  | Cast into level 3 of the Abyss (Louise)
 25940 | Abyss:3  | Noticed a bone dragon
 25954 | Abyss:3  | Killed a bone dragon
 25991 | Abyss:3  | Noticed a revenant
 25997 | Abyss:3  | Killed a revenant
 26177 | Abyss:3  | Noticed a tentacled starspawn
 26179 | Abyss:3  | Killed a tentacled starspawn
 26180 | Abyss:3  | Reached skill level 17 in Shapeshifting
 26186 | Abyss:3  | Noticed a tentacled starspawn
 26190 | Abyss:3  | Killed a tentacled starspawn
 26192 | Abyss:3  | Noticed a tentacled starspawn
 26193 | D:14     | Escaped the Abyss
 26195 | D:14     | Killed Louise
 26483 | D:14     | Found a gate to the Vaults.
 26737 | D:15     | Entered Level 15 of the Dungeon
 26793 | D:15     | Found a gate leading to a gauntlet.
 26813 | Gauntlet | Entered a Gauntlet
 26813 | Gauntlet | Found a transporter.
 26823 | Gauntlet | Found a transporter.
 26840 | Gauntlet | Found a transporter.
 26843 | Gauntlet | Found a transporter.
 26864 | Gauntlet | Found a transporter.
 26877 | Gauntlet | Found a transporter.
 26891 | Gauntlet | Found a transporter.
 26920 | Gauntlet | Found a transporter.
 26920 | Gauntlet | Found a transporter.
 26927 | Gauntlet | Found a transporter.
 26958 | Gauntlet | Found a transporter.
 26958 | Gauntlet | Found a transporter.
 27587 | D:15     | Identified the +4 scale mail "Sooczywo" {Rampage *Corrode
                  | Str+5}
 27710 | D:15     | Found a staircase to the Depths.
 27717 | D:15     | Reached XP level 16. HP: 156/156 MP: 23/23
 28220 | D:7      | Killed Crazy Yiuf
 28426 | Lair:3   | Killed Juseph's ghost
 28484 | Shoals:1 | Entered Level 1 of the Shoals
 28982 | Shoals:1 | Noticed Frances
 28991 | Shoals:1 | Killed Frances
 29615 | Shoals:2 | Found a runed translucent door.
 29619 | Shoals:2 | Noticed a kraken
 29627 | Shoals:2 | Killed a kraken
 29932 | Shoals:2 | Reached skill level 18 in Shapeshifting
 31969 | Depths:1 | Entered Level 1 of the Depths
 32124 | Depths:1 | Reached skill level 10 in Dodging
 32191 | D:15     | Reached skill level 10 in Fighting
 32457 | Depths:1 | Noticed a tengu reaver
 32475 | D:15     | Killed a tengu reaver
 32775 | Depths:1 | Found a gateway to Hell.
 33196 | Depths:1 | Found a one-way gateway to a ziggurat.
 33458 | Depths:1 | Found a hazy altar of Hepliaklqana.
 33678 | Depths:2 | Found Jebety's General Store.
 33680 | Depths:2 | Noticed a tengu reaver
 33686 | Depths:2 | Killed a tengu reaver
 33688 | Depths:2 | Found Luepnose's Armour Shop.
 33690 | Depths:2 | Bought a potion of curing for 72 gold pieces
 33690 | Depths:2 | Bought a potion of lignification for 72 gold pieces
 33690 | Depths:2 | Bought 3 scrolls of immolation for 288 gold pieces
 33711 | Depths:2 | Reached XP level 17. HP: 160/167 MP: 24/24
 35287 | Shoals:2 | Acquired a manual of Shapeshifting
 35452 | Shoals:3 | Reached skill level 19 in Shapeshifting
 35900 | Shoals:3 | Noticed a kraken
 35907 | Shoals:3 | Killed a kraken
 37423 | Shoals:4 | Entered Level 4 of the Shoals
 37461 | Shoals:4 | Noticed a kraken
 37980 | Shoals:4 | Identified the ring of Yxesiwac {rF+ rN++ Will- Str+3 Int+6
                  | Dex-3}
 38178 | Shoals:4 | Reached skill level 20 in Shapeshifting
 38252 | Shoals:4 | Noticed a kraken
 38259 | Shoals:4 | Killed a kraken
 38533 | Shoals:4 | Paralysed by a formless jellyfish for 1 turns
 40466 | Shoals:4 | Identified the +0 chain mail of Yhemudul {rPois MP+9}
 40774 | Shoals:4 | Killed a kraken
 40823 | Shoals:4 | Got a barnacled rune of Zot
 41150 | Snake:1  | Entered Level 1 of the Snake Pit
 41851 | Snake:2  | Reached XP level 18. HP: 179/179 MP: 25/25
 42244 | Snake:2  | Noticed Vashnia
 42255 | Snake:2  | Killed Vashnia
 42328 | Snake:2  | Identified the serpent talisman of the True Pharaoh {Dex+4}
 42328 | Snake:2  | Noticed Aizul
 42336 | Snake:2  | Killed Aizul
 42337 | Snake:2  | Reached skill level 21 in Shapeshifting
 44906 | Snake:4  | Entered Level 4 of the Snake Pit
 45332 | Snake:4  | Reached skill level 22 in Shapeshifting
 46481 | Snake:4  | Reached XP level 19. HP: 189/189 MP: 26/26
 47502 | Snake:4  | Got a serpentine rune of Zot
 48381 | Vaults:1 | Entered Level 1 of the Vaults
 49450 | Vaults:1 | Reached skill level 15 in Unarmed Combat
 50485 | Vaults:2 | Reached skill level 23 in Shapeshifting
 51131 | Vaults:2 | Found Tuly's Armour Shoppe.
 51224 | Vaults:2 | Reached XP level 20. HP: 202/202 MP: 24/27
 52195 | Vaults:3 | You are sucked into a shaft and drop 1 floor!
 52351 | Vaults:4 | Noticed Mennas
 52724 | D:10     | You paid a toll of 16 potions of curing to enter a treasure
                  | trove
 52725 | Trove    | Entered a treasure trove
 52791 | Trove    | Identified the +2 kite shield of Action {rC+}
 53678 | Vaults:3 | Noticed Norris
 54049 | Vaults:3 | Killed Norris
 54154 | Vaults:3 | Paralysed by a sphinx for 5 turns
 55167 | Vaults:3 | Found a staircase to the Crypt.
 56494 | Vaults:4 | Noticed a golden dragon
 56616 | Vaults:4 | Killed a golden dragon
 56692 | Vaults:4 | Reached skill level 24 in Shapeshifting
 56702 | Vaults:4 | Identified the +4 tower shield of Dibemuul {^Contam rCorr
                  | Str+2 SInv}
 56717 | Vaults:4 | Killed Mennas
 56734 | Vaults:4 | Reached XP level 21. HP: 132/213 MP: 20/28
 56881 | Vaults:4 | Found Jegerchuo's Distillery.
 56889 | Vaults:4 | Bought a potion of attraction for 51 gold pieces
 56889 | Vaults:4 | Bought a potion of heal wounds for 85 gold pieces
 56889 | Vaults:4 | Bought a potion of curing for 51 gold pieces
 56889 | Vaults:4 | Bought a potion of berserk rage for 85 gold pieces
 56889 | Vaults:4 | Bought a potion of curing for 51 gold pieces
 58090 | Elf:1    | Entered Level 1 of the Elven Halls
 58134 | Elf:1    | Found a crumbling gateway.
 58142 | Desolati | Entered the Desolation of Salt
 58308 | Desolati | Identified the ring "Arhe" {Fly rC+ Dex+3}
 58633 | Desolati | Identified the +10 war axe of the Tomato {speed, Str+5}
 58634 | Desolati | Identified the +1 dire flail of Chance {drain, +Blink rElec
                  | rF+ Int-4}
 58735 | Desolati | Found the amulet of the Four Winds {rN+ Will+++ Clar}
 58743 | Desolati | Identified the staff of Instant Death {rC+ Str+5 Stlth+
                  | Ice}
 58797 | Desolati | Identified the staff of Beogh's Grace {rPois rN+ Str+2
                  | Int+6 Alchemy}
 58801 | Desolati | Identified the amulet of Existentialism {Faith +Blink Fly
                  | Stlth+}
 58806 | Desolati | Identified the ring of Jealousy {Fly Slay+3}
 59356 | Elf:1    | Paralysed by an air elemental for 1 turns
 59837 | Elf:2    | Gained mutation: You are frail. (-10% HP) [a neqoxec]
 59895 | Elf:2    | Identified the +3 dagger of Uncomfortable Rashes {flame,
                  | rN+ Int+4 Dex-4}
 60412 | Elf:2    | Found a runed translucent gate.
 60412 | Elf:2    | Found a runed translucent gate.
 60415 | Elf:2    | Found a runed translucent gate.
 62091 | Elf:3    | Entered Level 3 of the Elven Halls
 62679 | Elf:3    | Reached skill level 25 in Shapeshifting
 62740 | Elf:3    | Reached XP level 22. HP: 201/201 MP: 29/29
 63716 | Elf:3    | Identified the +8 great sword "Juacarepoq" {venom, rF+ rC-
                  | Stlth+}
 64027 | Elf:3    | Identified the ring of Vesaghiwk {rPois rC++ Int+2}
 64350 | Depths:2 | Found a one-way gate leading to the halls of Pandemonium.
 64678 | Depths:2 | Found Xeilurr's Vocational Training.
 64689 | Depths:2 | Bought a manual of Evocations for 1520 gold pieces
 64689 | Depths:2 | Bought a manual of Invocations for 1520 gold pieces
 64934 | Depths:2 | Reached skill level 15 in Fighting
 65855 | Depths:3 | Reached skill level 15 in Dodging
 66543 | Depths:2 | Acquired 1106 gold pieces
 66801 | Depths:3 | Found a glowing golden altar of the Shining One.
 67009 | Depths:3 | You are sucked into a shaft and drop 1 floor!
 67009 | Depths:4 | Entered Level 4 of the Depths
 67009 | Depths:4 | Noticed a golden dragon
 67021 | Depths:4 | Noticed Vv
 67438 | Depths:3 | Killed Vv
 67648 | Depths:3 | Identified the +3 falchion "Udey" {freeze, rElec rC+ Will+}
 68010 | Depths:4 | Noticed Sojobo
 68451 | Depths:3 | Killed Sojobo
 68791 | Slime:1  | Entered Level 1 of the Pits of Slime
 68970 | Slime:1  | Reached skill level 5 in Evocations
 69381 | Slime:2  | Reached XP level 23. HP: 204/213 MP: 31/31
 69428 | Slime:2  | Found a viscous altar of Jiyva.
 70225 | Slime:3  | Gained mutation: Armour fits poorly on your strangely
                  | shaped body. [a shining eye]
 70228 | Slime:3  | Gained mutation: You are clumsy. (Dex -2) [a shining eye]
 71280 | Slime:5  | Entered Level 5 of the Pits of Slime
 72287 | Slime:5  | Reached skill level 26 in Shapeshifting
 72466 | Slime:5  | Noticed the Royal Jelly
 72966 | Slime:5  | Killed the Royal Jelly
 73170 | Slime:5  | Found the +2 pair of slick slippers {slick, slippery, EV+4}
 73182 | Slime:5  | Identified the +4 rapier "Udghupiel" {flame, rPois rF+
                  | Dex+4}
 73194 | Slime:5  | Identified the ring of Xom's Outrage {rPois rN+ Dex+6}
 73215 | Slime:5  | Identified the ring "Misi Umi" {Fly Will+ Int+2}
 73225 | Slime:5  | Identified the +1 robe "Wigeevol" {-Cast rCorr Str+5
                  | Stlth+}
 73244 | Slime:5  | Got a slimy rune of Zot
 73248 | Slime:5  | Identified the +1 dagger of Slimy Forgiveness {drain,
                  | *Noise rPois rN++ Int-4}
 73268 | Slime:5  | Identified the death talisman of Lyorujac {Dex+3}
 73284 | Slime:5  | Identified the +9 halberd of Ukie {spect, rF++ Int+2}
 73541 | Slime:5  | Gained mutation: You are dopey. (Int -2) [a shining eye]
 73719 | D:9      | Upgraded the game from 0.32-a0-576-g706899e69d to
                  | 0.32-a0-593-g85ff8e36a1
 74059 | Crypt:1  | Entered Level 1 of the Crypt
 74130 | Crypt:1  | Noticed Grunn
 74144 | Crypt:1  | Killed Grunn
 74145 | Crypt:1  | Identified the +7 leather armour of Compassion {Fly rCorr
                  | Slay-5}
 75392 | Crypt:2  | Reached XP level 24. HP: 225/225 MP: 32/32
 75533 | Crypt:2  | Identified the +3 orcbow "Qeguzut" {flame, Str+7 Int-2
                  | SInv}
 75697 | Crypt:3  | Entered Level 3 of the Crypt
 75985 | Crypt:3  | Noticed Jory
 75989 | Crypt:3  | Killed Jory
 76264 | Crypt:3  | Found a staircase to the Tomb.
 76435 | Crypt:3  | Found the +6 arbalest "Damnation" {damnation}
 76439 | Crypt:3  | Identified the staff of Tuavien {rPois Will- Int+10 Necro
                  | Alchemy}
 76447 | Crypt:3  | Identified the staff "Rolecron" {^Fragile rN+ rCorr Int+3
                  | Summ Necro}
 76466 | Crypt:3  | Identified the staff "Wihy" {rF+ Dex+4 Fire}
 76930 | Crypt:3  | Identified the ring "Iliqu" {rElec rPois rF- rN++ Int+6}
 76930 | Crypt:3  | Identified the ring "Jiab" {rElec rN++ rCorr}
 77845 | Depths:4 | Identified the ring of Douphi {Ice Int+5 Dex+2}
 77845 | Depths:4 | Noticed Josephina
 78426 | Depths:4 | Killed Josephina
 78828 | Depths:4 | Found a sparkling altar of Nemelex Xobeh.
 78833 | Depths:4 | Identified the +6 plate armour of Rotini {rElec rF+}
 78966 | Depths:4 | Reached skill level 15 in Invocations
 79136 | Depths:4 | Reached skill level 27 in Shapeshifting
 79419 | Depths:4 | Found a gate to the Realm of Zot.
 79572 | Hell     | Entered the Vestibule of Hell
 79572 | Hell     | Noticed Geryon
 79631 | Hell     | Lost mutation: Armour fits poorly on your strangely shaped
                  | body. [a cacodemon]
 80022 | Depths:4 | Reached skill level 10 in Evocations
 80041 | Depths:4 | Reached XP level 25. HP: 188/238 MP: 33/33
 81197 | Hell     | Killed Geryon
 81561 | Hell     | Found a gateway to the freezing wastes of Cocytus.
 81632 | Hell     | Found a gateway to the decaying netherworld of Tartarus.
 81672 | Hell     | Found a gateway to the ashen valley of Gehenna.
 82552 | Hell     | Found a gateway to the Iron City of Dis.
 82634 | Geh:1    | Entered Level 1 of Gehenna
 82634 | Geh:1    | Lost intelligence.
 83366 | D:1      | Bought a +8 ring of strength for 660 gold pieces
 86411 | Zot:1    | Entered Level 1 of the Realm of Zot
 87040 | Zot:1    | Noticed an orb of fire
 87044 | Zot:1    | Gained mutation: You are very dopey. (Int -4) [an orb of
                  | fire]
 87046 | Zot:1    | Gained mutation: You are very clumsy. (Dex -4) [an orb of
                  | fire]
 87048 | Zot:1    | Killed an orb of fire
 88024 | Depths:4 | Upgraded the game from 0.32-a0-593-g85ff8e36a1 to
                  | 0.32-a0-597-g8e3e136d6a
 90701 | Zot:2    | Reached XP level 26. HP: 252/252 MP: 34/34
 90889 | Zot:2    | Noticed an orb of fire
 90894 | Zot:2    | Killed an orb of fire
 91003 | Zot:2    | Noticed an orb of fire
 91004 | Zot:2    | Gained mutation: You have hidden genetic defects. [an orb
                  | of fire]
 91009 | Zot:2    | Killed an orb of fire
 92942 | Zot:3    | HP: 3/132 [black draconian/bolt of lightning[a black
                  | draconian knight] (40)]
 92942 | Zot:3    | The Shining One protects you from harm!
 92942 | Zot:3    | Killed from afar by a black draconian

Illustrated notes

Levels and vault maps discovered:
D:1:      dpeg_arrival_another_circle, layout_rooms, serial_bayou,
          serial_bayou_lagoon_b, serial_bayou_lagoon_a, serial_bayou_pond_e,
          serial_bayou_lake_a, serial_bayou_pond_d, serial_bayou_shore_b,
          chequers_ecumenical_altar_lobes, nicolae_shop_unique_rings
D:2:      layout_basic, basic_altar, serial_forest, infiniplex_forest_fountain,
          infiniplex_forest_clump_small, infiniplex_forest_lined_4_way,
          infiniplex_forest_clump_tiny, infiniplex_forest_fountain,
          infiniplex_forest_corner_1, infiniplex_forest_lined_corner
D:3:      layout_loops_ring, amcnicky_altar_gilded,
          mainiacjoe_overflow_small_starburst, chequers_serial_rivers_micro_d
D:4:      layout_loops_ring, nicolae_vehumet_radiance,
          cheibrodos_sewer_entry_bend, corexii_corridor_pit
D:5:      minmay_clustersquares, layout_basic, brannock_xom_greatest_gift,
          serial_glass, glass_columns_a, glass_columns_a, supply_closet_lemuel,
          nicolae_shop_overcharged_wands
D:6:      layout_cave_pools, minmay_temple_entry_glassed_door
D:7:      wad_guarded_room, layout_rooms, nicolae_ru_sacrificial_ziggurat,
          uniq_crazy_yiuf_cottage
D:8:      layout_basic, chequers_temple_overflow_statue_of_worship,
          nrook_loot_triangle, minmay_misc_feat_diagonals,
          chequers_serial_rivers_small_b
D:9:      layout_basic, lemuel_round_altar, david_lair_shrubbed
D:10:     layout_roguey, nicolae_trove_entry_columns,
          minmay_guarded_unrand_finisher, uniq_harold
D:11:     layout_rooms, orc_0_dummy
D:12:     layout_rooms, grunt_ministairs_1
D:13:     layout_rooms, eino_tiny_chamber
D:14:     layout_irregular_city, hellmonk_vaults_attempted_burglary,
          nzn_life_drinkers, uniq_azrael, uniq_louise
D:15:     grunt_enter_depths_snipers, layout_basic, dreamdust_princess_corridor,
          gauntlet_entry_generic
Lair:1:   layout_cave_pods, grunt_megastairs_4, infiniplex_staircase_pool_2,
          uniq_joseph
Lair:2:   regret_index_harrowing_hell_hive, layout_loops_ring,
          minmay_shoals_entry_beasts, serial_bayou_shore_b, uniq_maggie,
          uniq_erica
Lair:3:   layout_concentric_octagons, minmay_snake_entry_guardpost_small,
          gammafunk_ghost_ooze, serial_bayou_ford_a
Lair:4:   beast_lair_carwin_large_4, layout_cave_shapes
Lair:5:   hellmonk_lair_end_abyssal_woods, layout_gridlike,
          nicolae_slime_entry_slimehenge, grunt_megastairs_5,
          lemuel_fruit_fields, serial_bayou_shore_a, infiniplex_staircase_pool
Shoals:1: layout_shoals, uniq_frances
Shoals:2: nicolae_shoals_offshore_bank_account, layout_shoals
Shoals:3: layout_shoals
Shoals:4: shoals_end_hangedman, layout_shoals
Snake:1:  layout_onion_interference, st_stairs_3
Snake:2:  layout_basic, serial_library_hellmonk_long_bookcase, uniq_vashnia,
          uniq_aizul
Snake:3:  layout_cave_town, nicolae_snake_gridmaze_big_u
Snake:4:  snake_hunt, layout_misc_corridors, grunt_megastairs_2
Slime:1:  layout_caves
Slime:2:  layout_caves, basic_altar
Slime:3:  layout_caves, cheibrodos_slime_lost_civilization_5
Slime:4:  layout_caves
Slime:5:  slime_pit
Orc:1:    layout_caves, serial_shops, shop, shop,
          portal_ice_cave_entry_ice_simulacra, statue_in_the_mist_lemuel
Orc:2:    st_orc_mages, layout_caves, basic_altar
Elf:1:    layout_loops_ring, portal_desolation_entry_ruin,
          kilobyte_rumbling_trees
Elf:2:    nicolae_elf_blades_splatter_lattice [nicolae_blade_little_rooms],
          layout_geoelf_octagon, grunt_megastairs_3
Elf:3:    elf_hall_gauntlet_narrow, layout_onion_city
Vaults:1: v_alt_pattern_2, vaults_standard_mumra_lines, v_pattern_2,
          nicolae_vaults_layer_cake_slice, nicolae_vaults_more_shelving_2,
          layout_vaults_omnigrid
Vaults:2: v_misc_5, vaults_room_octagon, v_misc_5,
          nicolae_vaults_surprise_closet, nicolae_vaults_steering_wheel,
          nicolae_vaults_taking_the_gang_shopping,
          nicolae_vaults_trapezoid_lopsided_3, ontoclasm_vaults_fault,
          hangedman_vaults_stagger, nicolae_vaults_house_1,
          layout_vaults_maze_bifur
Vaults:3: vaults_mumra_minichess, nicolae_vaults_mini_display_case, v_pattern_3,
          v_alt_pattern_5, hangedman_vaults_nodes, blue_anna_dwarven_crypt,
          nicolae_vaults_double_plus_3, nicolae_vaults_little_ls,
          hangedman_vaults_capsules, ontoclasm_vaults_gallery,
          nicolae_vaults_tetromino_T_1, layout_vaults_omnicross, uniq_norris
Vaults:4: infiniplex_enter_wizlab_spiral, nicolae_vaults_lightning_bolt,
          vaults_room_grunt_arrival_ludios, nicolae_vaults_hallways_thing,
          nicolae_vaults_network_s, hangedman_vaults_nails,
          nicolae_vaults_minivaults, nicolae_vaults_heist,
          vaults_mumra_chevron_long, nicolae_vaults_sealed_display,
          vaults_mumra_hexcomb, layout_vaults_omnibox, serial_shops,
          nicolae_shop_tiny_statue_garden, uniq_mennas
Crypt:1:  layout_rooms, grunt_crypt_arrival_webbed, uniq_grunn
Crypt:2:  layout_gridlike, weyrava_ghost_lake
Crypt:3:  due_elkab, layout_chaotic_city, uniq_jory
Depths:1: nicolae_moon_pools, layout_cave_pools, enter_ziggurat_e,
          grunt_hell_entry_dis_grunt, nzn_hepliaklqana_mist_gate
Depths:2: kennysheep_spiral_hall, layout_basic, rand_demon_pan_entry_3,
          hell_entry, nicolae_shop_vocational, minmay_shoptagon
Depths:3: regret_index_all_hallows'_manor, layout_cave_pools,
          pf_hell_entry_tar_spiral, abyss_entry,
          amcnicky_mini_rare_corridor_liquid, tso_oasis_becter
Depths:4: grunt_zot_entry_gee_three, layout_gridlike, old_standard_altar,
          abyss_entry, grunt_hell_horde, uniq_vv, uniq_sojobo, uniq_margery,
          uniq_josephina
Hell
Geh:1:    layout_gehenna_pools_basic
Geh:2:    layout_gehenna_lava_caves
Geh:3:    layout_gehenna_pools_basic, nicolae_geh_amphitheater,
          gehenna_fire_generator, nicolae_geh_lavax
Zot:1:    layout_cathedral_of_symmetry, regret_index_zotdec_stipple_waver
Zot:2:    layout_twisted_circle, regret_index_zotdec_dark_gr
Zot:3:    layout_misc_corridors, regret_index_zotdec_silver_v_v_orig_slice

Skill      XL: |  1  2  3  4  5  6  7  8  9 10 11 12 13 14 15 16 17 18 19 20 21 22 23 24 25 26 |
---------------+-------------------------------------------------------------------------------+-----
Fighting       | 1 2 3 4 5 6 8 9 10 11 12 13 14 15 16 18 19 | 19.7
Dodging        | 2 3 4 5 7 8 9 10 11 12 13 14 15 16 17 | 17.5
Shapeshifting  | 4 5 6 8 11 13 14 15 16 17 18 20 22 23 24 25 26 27 | 27.0
Invocations    | 1 2 3 5 7 8 9 10 12 13 15 16 17 | 17.1
Unarmed Combat | 4 5 7 8 9 11 12 13 14 15 16 17 18 19 20 | 20.4
Throwing       | 1 2 3 |  3.7
Evocations     | 2 5 7 10 11 | 11.7

Action                     |  1- 3 |  4- 6 |  7- 9 | 10-12 | 13-15 | 16-18 | 19-21 | 22-24 | 25-27 || total
---------------------------+-------+-------+-------+-------+-------+-------+-------+-------+-------++-------
  Melee: Unarmed           |    91 |    97 |   164 |   552 |   779 |   721 |   780 |   978 |   390 ||  4552
         Punch             |     2 |       |     2 |    34 |    53 |    73 |    91 |   124 |    58 ||   437
         Tailslap          |       |       |       |     4 |   119 |   123 |   147 |   142 |    70 ||   605
         Bite              |       |       |       |     3 |    76 |    83 |   100 |   116 |    56 ||   434
  Throw: Boomerang         |       |       |    69 |     4 |       |       |       |       |       ||    73
         Dart              |       |       |     5 |     4 |       |       |       |       |       ||     9
         Javelin           |       |       |       |     3 |       |       |       |       |       ||     3
 Invoke: Divine Shield     |       |       |     2 |     1 |    11 |    31 |    31 |    22 |    29 ||   127
         Summon Divine War |       |       |       |       |     2 |     3 |     5 |     3 |       ||    13
         Cleansing Flame   |       |       |       |       |     1 |     4 |     2 |       |     1 ||     8
Ability: Begin Untransform |       |       |     1 |     3 |       |     3 |     1 |     3 |       ||    11
         Breathe Fire      |       |       |       |       |    45 |    27 |     7 |     4 |       ||    83
         Blinkbolt         |       |       |       |       |       |       |       |     1 |       ||     1
  Evoke: Wand              |       |       |       |    10 |     2 |     9 |     9 |     4 |     1 ||    35
         Tin of tremorston |       |       |       |       |       |     1 |       |       |       ||     1
         Lightning rod     |       |       |       |       |       |     3 |    10 |     4 |     5 ||    22
         Phial of floods   |       |       |       |       |       |       |     2 |       |     2 ||     4
    Use: Scroll            |       |       |     4 |    17 |    15 |    16 |    12 |     8 |     3 ||    75
         Potion            |       |       |       |     5 |       |     7 |     5 |     8 |     3 ||    28
   Stab: Sleeping          |     1 |       |       |       |       |       |       |       |       ||     1
 Armour: Animal skin       |    57 |    43 |   112 |   259 |       |       |       |       |       ||   471
         Skin              |       |       |       |    67 |   637 |   829 |   631 |   749 |   559 ||  3472
         Steam dragon scal |       |       |       |   117 |       |       |       |       |       ||   117
  Dodge: Dodged            |    30 |    35 |    79 |   309 |   521 |   608 |   492 |   743 |   338 ||  3155
  Block: Other             |       |       |     4 |       |    48 |   289 |   191 |    62 |    90 ||   684
         Reflection        |       |       |       |       |     2 |    69 |    25 |       |       ||    96
   Form: Beast             |       |       |     1 |     2 |       |       |       |       |       ||     3
         Dragon            |       |       |       |     1 |       |     3 |     1 |     2 |       ||     7
         Storm             |       |       |       |       |       |       |       |     1 |       ||     1

Table legend: (Time is in decaauts)
 A = Elapsed time spent in this place.
 B = Non-inter-level travel time spent in this place.
 C = Inter-level travel time spent in this place.
 D = Time resting spent in this place.
 E = Time spent auto-exploring this place.
 F = Levels seen in this place.
 G = Mean time per level.
                   A        B        C        D        E       F      G
               +--------+--------+--------+--------+--------+-----+--------+
         Total |  92330 |  83298 |   9032 |  34658 |  25914 |  62 | 1489.2 |
       Dungeon |  20402 |  15672 |   4730 |   4246 |   7126 |  15 | 1360.1 |
          Lair |   9703 |   8315 |   1388 |   3064 |   3130 |   5 | 1940.6 |
        Shoals |   9507 |   9250 |    257 |   5249 |   1021 |   4 | 2376.8 |
     Snake Pit |   6675 |   6440 |    235 |   3344 |   1496 |   4 | 1668.8 |
    Slime Pits |   4635 |   4443 |    192 |   1969 |   1633 |   5 |  927.0 |
  Orcish Mines |   1704 |   1624 |     80 |    162 |    472 |   2 |  852.0 |
   Elven Halls |   5155 |   4926 |    229 |   1748 |   1935 |   3 | 1718.3 |
        Vaults |   9252 |   8653 |    599 |   4179 |   2736 |   4 | 2313.0 |
         Crypt |   2939 |   2828 |    111 |     64 |   1674 |   3 |  979.7 |
        Depths |  11250 |  10455 |    795 |   5528 |   2460 |   4 | 2812.5 |
          Hell |   3624 |   3594 |     30 |   2728 |    337 |   1 | 3624.0 |
       Gehenna |   1066 |    992 |     74 |    237 |    153 |   3 |  355.3 |
           Zot |   3884 |   3578 |    306 |   1423 |   1226 |   3 | 1294.7 |
         Abyss |    331 |    331 |      0 |    192 |      0 |   1 |  331.0 |
         Trove |    182 |    182 |      0 |      0 |     12 |   1 |  182.0 |
         Sewer |    236 |    236 |      0 |    100 |     74 |   1 |  236.0 |
      Ice Cave |    573 |    573 |      0 |    138 |      4 |   1 |  573.0 |
    Desolation |    806 |    806 |      0 |    283 |    169 |   1 |  806.0 |
      Gauntlet |    399 |    399 |      0 |      0 |    256 |   1 |  399.0 |
               +--------+--------+--------+--------+--------+-----+--------+

Top non-repeatable levels by time:
Depths:4: 5483 daAuts
Shoals:2: 4159 daAuts
    Hell: 3624 daAuts
Shoals:4: 3269 daAuts
  Lair:2: 3001 daAuts
  Lair:1: 2787 daAuts
Vaults:4: 2765 daAuts
Depths:2: 2652 daAuts
Vaults:3: 2515 daAuts
    D:10: 2491 daAuts
   Elf:2: 2408 daAuts
 Snake:3: 2396 daAuts
Vaults:1: 2275 daAuts
     D:9: 2256 daAuts
 Snake:4: 2091 daAuts
